 Dungeon Crawl Stone Soup version 0.16.1-18-g436b03c (webtiles) character file.

392 theElss the Cudgeler (level 6, -3/39 HPs)
             Began as a Gargoyle Berserker on May 12, 2015.
             Was an Elder of Trog.
             Killed from afar by a white imp (6 damage)
             ... with a puff of frost
             ... summoned by Eustachio
             ... on level 4 of the Dungeon.
             The game lasted 00:08:48 (3325 turns).

theElss the Cudgeler (Gargoyle Berserker)           Turns: 3325, Time: 00:08:49

Health: -3/39      AC: 12    Str: 22    XL:     6   Next: 81%
Magic:  6/6        EV: 11    Int:  7    God:    Trog [****..]
Gold:   112        SH:  0    Dex: 10    Spells: 0 memorised, 5 levels left

rFire  . . .     SeeInvis .     a - +0 mace
rCold  . . .     Clarity  .     s - +0 ring mail
rNeg   + . .     SustAb   .     (no shield)
rPois  ∞         Gourm    .     f - +0 helmet
rElec  +         Spirit   .     (no cloak)
rCorr  .         Warding  .     (no gloves)
rMut   .         Stasis   .     h - +0 pair of boots
MR     ++...                    (no amulet)
Stlth  ..........               (no ring)
                                (no ring)

@: exhausted, regenerating, very resistant to hostile enchantments, extremely
unstealthy
A: negative energy resistance 1, electricity resistance, unbreathing,
petrification resistance, rot immunity, AC +4
a: Burn Spellbooks, Berserk, Trog's Hand, Brothers in Arms, Renounce Religion


You were on level 4 of the Dungeon.
You worshipped Trog.
Trog was greatly pleased with you.
You were not hungry.

You visited 1 branch of the dungeon, and saw 4 of its levels.

You collected 112 gold pieces.

Inventory:

Hand weapons
 a - a +0 mace (weapon)
Armour
 b - a +0 animal skin
 f - a +0 helmet (worn)
 h - a +0 pair of boots (worn)
 s - a +0 ring mail (worn)
Scrolls
 e - 2 scrolls of remove curse {unknown}
 i - a scroll of amnesia {unknown}
 k - a scroll of enchant weapon {unknown}
 l - 2 scrolls of enchant armour {unknown}
 m - a scroll of identify {unknown}
 n - 2 scrolls of immolation {unknown}
 o - a scroll of teleportation {unknown}
Potions
 j - 2 potions of curing
 p - a potion of agility {unknown}
 q - a potion of poison {unknown}
 r - a potion of might {unknown}
 t - a potion of brilliance {unknown}
 u - a potion of cancellation {unknown}
 w - 2 potions of haste {unknown}
Comestibles
 c - 4 bread rations
 d - 14 fruits
 g - 2 meat rations
 v - a slice of pizza


   Skills:
 + Level 4.5 Fighting
 * Level 5.1 Maces & Flails
 + Level 4.1 Armour
 + Level 2.8 Dodging


You had 5 spell levels left.
You didn't know any spells.

Dungeon Overview and Level Annotations

Branches:
Dungeon (4/15)
 Temple: D:4-7

Altars:
Cheibriados
Gozag
Makhleb
Ru

Annotations:
D:4 Eustachio, Sigmund


Innate Abilities, Weirdness & Mutations

You are resistant to torment.
You are immune to poison.
Your stone body is very resilient (AC +4).
You resist negative energy.
You are resistant to electric shocks.
You can survive without breathing.
You are immune to petrification.
You are immune to rotting.


Message History

The white imp hits you but does no damage.
The white imp closely misses you. Something hits you but does no damage.
The white imp hits you but does no damage.
The white imp barely misses you.
You sock the white imp!
The white imp is almost dead.
Something hits you. The white imp hits you. The white imp freezes you.
* * * LOW HITPOINT WARNING * * *
The white imp closely misses you.
Unknown command.
You closely miss the white imp.
The white imp is almost dead.
The white imp gestures at you. The puff of frost hits you!
* * * LOW HITPOINT WARNING * * *
Something hits you.
* * * LOW HITPOINT WARNING * * *
The white imp gestures at you. The puff of frost hits you!
You die...

#........
#.........
#####..$......#
..............#
#.........@..#
#............#
#.....5{#
#....##5# #....
#@# ##....##5#
..........#
.........##
.........#
.........#
.........#
..........#
#+#...#'##


You could see 2 white imps and a shadow imp.

Vanquished Creatures
  A black bear (D:4)
  A hound (D:4)
  2 orc wizards (D:3)
  An iguana (D:3)
  7 adders
  A giant mite (D:2)
  2 worms (D:3)
  3 giant geckos
  2 oozes (D:2)
  15 orcs (D:3)
  9 bats
  A giant cockroach (D:2)
  15 hobgoblins
  3 jackals (D:2)
  12 kobolds
  A ball python (D:2)
  3 giant newts
  11 goblins
  9 rats
99 creatures vanquished.

Notes
Turn   | Place    | Note
--------------------------------------------------------------
     0 | D:1      | theElss, the Gargoyle Berserker, began the quest for the Orb.
     0 | D:1      | Reached XP level 1. HP: 14/14 MP: 1/1
   255 | D:1      | Reached XP level 2. HP: 19/19 MP: 2/2
   474 | D:1      | Acquired Trog's second power
   936 | D:2      | Reached XP level 3. HP: 23/23 MP: 3/3
  1209 | D:2      | Reached XP level 4. HP: 22/29 MP: 4/4
  2066 | D:3      | Reached skill level 4 in Fighting
  2066 | D:3      | Reached XP level 5. HP: 30/33 MP: 5/5
  2693 | D:3      | Reached XP level 6. HP: 33/38 MP: 6/6
  2697 | D:3      | Acquired Trog's third power
  2885 | D:3      | Found a sacrificial altar of Ru.
  2885 | D:3      | Found an opulent altar of Gozag.
  3030 | D:2      | Found a burning altar of Makhleb.
  3124 | D:4      | Found a snail-covered altar of Cheibriados.
  3155 | D:4      | Reached skill level 5 in Maces & Flails
  3284 | D:4      | Noticed Sigmund
  3285 | D:4      | Noticed Eustachio
  3325 | D:4      | Killed from afar by a white imp

Action                   |  1- 3 |  4- 6 || total
-------------------------+-------+-------++-------
Melee: Mace              |   105 |   342 ||   447
Invok: Berserk           |       |     3 ||     3
       Trog's Hand       |       |     1 ||     1
  Use: Potion            |       |     1 ||     1
  Eat: Chunk             |     1 |     9 ||    10
       Pizza             |       |     1 ||     1
